 Dungeon Crawl Stone Soup version 0.30.1-11-g7821555f0a (webtiles) character file.

Game seed: 3086488529099338682

9870 Wiggles the Cleaver (level 11, 0/101 HPs)
             Began as a Minotaur Berserker on Nov 29, 2023.
             Was an Elder of Trog.
             Slain by a death yak (6 damage)
             ... on level 10 of the Dungeon.
             The game lasted 00:12:07 (8343 turns).

Wiggles the Cleaver (Minotaur Berserker)            Turns: 8343, Time: 00:12:07

Health: 0/101      AC: 18    Str: 26    XL:     11   Next: 28%
Magic:  10/10      EV: 10    Int:  4    God:    Trog [****..]
Gold:   512        SH:  0    Dex: 16    Spells: 10/10 levels left

rFire   . . .        q - +1 war axe
rCold   . . .        (no shield)
rNeg    . . .        B - +3 plate armour
rPois   .            (helmet restricted)
rElec   .            (no cloak)
rCorr   .            (no gloves)
SInv    +            (no boots)
Will    .....        (no amulet) Stlth
                     m - ring of see invisible
HPRegen 0.36/turn    y - +6 ring of dexterity
MPRegen 0.12/turn

%: no passive effects
@: no status effects
A: horns 2, retaliatory headbutt
a: Renounce Religion, Berserk, Trog's Hand, Brothers in Arms


You were on level 10 of the Dungeon.
You worshipped Trog.
Trog was greatly pleased with you.
You visited 2 branches of the dungeon, and saw 11 of its levels.

You collected 512 gold pieces.

Inventory:

Hand Weapons
 q - a +1 war axe (weapon)
Missiles
 z - 2 throwing nets (quivered)
Armour
 B - a +3 plate armour (worn)
Jewellery
 m - a ring of see invisible (left hand)
 y - a +6 ring of dexterity (right hand)
Wands
 k - a wand of flame (31)
 r - a wand of mindburst (10)
 t - a wand of acid (10)
Scrolls
 b - 2 scrolls of magic mapping
 c - 3 scrolls of noise
 d - a scroll of torment
 f - 5 scrolls of teleportation
 u - a scroll of amnesia
 v - 2 scrolls of identify
 C - 2 scrolls of butterflies
Potions
 a - 2 potions of attraction
 e - 4 potions of berserk rage
 g - 3 potions of brilliance
 h - 2 potions of degeneration
 i - 2 potions of ambrosia
 j - 3 potions of curing
 l - 4 potions of heal wounds
 n - 3 potions of cancellation
 o - a potion of resistance {unknown}
 p - a potion of magic {unknown}
 s - 2 potions of haste {unknown}
 w - 2 potions of lignification {unknown}
 x - 3 potions of might {unknown}
 A - 2 potions of invisibility {unknown}
 E - a potion of flight {unknown}


   Skills:
 + Level 10.5 Fighting
 + Level 14.8 Axes
 + Level 11.2 Armour
 + Level 4.6 Dodging
 + Level 1.4 Stealth


You had 10 spell levels left.
You didn't know any spells.
Your spell library was empty.

Dungeon Overview and Level Annotations

Branches:
Dungeon (10/15)            Temple (1/1) D:7
   Lair: D:8-11         Orc: D:9-12

Altars:
Gozag
Kikubaaqudgha
Ru
Uskayaw
The Shining One


Innate Abilities, Weirdness & Mutations

You have a pair of horns on your head.
You reflexively headbutt those who attack you in melee.


Message History

The death yak is moderately wounded.
The death yak gores you but does no damage.
You slice the death yak!!
The death yak is heavily wounded.
You slash the death yak! You punch the death yak.
The death yak is severely wounded.
You hear the steady creaking of a distant portcullis.
The death yak gores you!!
You hit the death yak.
The death yak is severely wounded.
The death yak gores you.
A death yak comes into view.
You hit the death yak.
The death yak is severely wounded.
You slash the death yak!
The death yak is severely wounded.
The death yak snorts and paws the ground.
The death yak gores you but does no damage.
You slash the death yak! You headbutt the death yak.
The death yak is almost dead.
The death yak gores you but does no damage.
You hit the death yak but do no damage.
The death yak is almost dead.
You hit the death yak.
The death yak is lightly wounded.
You slash the death yak!
You fail to use your ability.
The death yak gores you! x2
The death yak bellows!
The death yak gores you but does no damage.
You fail to use your ability.
The death yak gores you!
* * * LOW HITPOINT WARNING * * *
The death yak gores you but does no damage.
You fail to use your ability.
The death yak gores you!
* * * LOW HITPOINT WARNING * * *
The death yak gores you but does no damage.
The death yak gores you but does no damage.
Your ogre goes berserk!
The death yak gores you but does no damage.
The death yak attacks as you move away! The death yak gores you.
You die...

#.......# #.......#
..# #.......# ...#..
#.......# ...#..
#...)...# .......
#.......#+#....#
#.......#....# ≈#
#.....@Y#....# ≈≈
#.....YYTY..# #≈ #≈
#..##.O.#Y..# ≈ ≈≈≈
#..##...#...# ≈#≈≈≈#
#..##...#...##≈≈≈≈≈≈
#.......#....≈≈≈≈#
#.......#....###≈≈#
#.......#......#
#.......#)...$.......


You could see 5 death yaks, a troll and a friendly ogre (summoned, berserk).

Vanquished Creatures
  A death knight (D:8)
  A two-headed ogre (D:10)
  Pikel (D:7)
  2 trolls
  Prince Ribbit (D:5)
  3 wyverns
  A shadow (D:9)
  6 yaks (D:9)
  A basilisk (D:9)
  A steam dragon (D:7)
  A vampire mosquito (D:8)
  Edmund (D:4)
  2 acid dragons
  A water moccasin (D:8)
  An ice beast (D:7)
  2 sky beasts
  2 ogres
  2 centaurs
  2 phantoms
  2 kobold brigands
  2 bullfrogs
  A scorpion (D:5)
  9 wights
  3 howler monkeys
  4 quasits (D:6)
  3 jellies
  The ghost of middlethird the Magician, a weakling VSEE (D:6)
  2 hounds
  2 orc priests
  A gnoll bouda (D:5)
  4 iguanas
  Ijyb (D:4)
  Jessica (D:2)
  A sleepcap (D:6)
  4 orc wizards
  Robin (D:4)
  10 gnolls
  5 adders
  A shadow imp (D:7)
  2 white imps
  2 ufetubi
  3 dart slugs
  35 orcs
  4 ball pythons
  2 endoplasms
  3 giant cockroaches
  15 goblins
  13 hobgoblins
  11 jackals
  5 quokkas
  4 bats
  3 frilled lizards
  11 kobolds
  3 rats (D:1)
206 creatures vanquished.

Vanquished Creatures (collateral kills)
  2 centaur warriors (D:8)
  A two-headed ogre (D:8)
  A death yak (D:10)
  An ugly thing (D:8)
  An orc priest (D:8)
  2 orc wizards (D:10)
  An orc (D:8)
9 creatures vanquished.

Grand Total: 215 creatures vanquished

Notes
Turn   | Place    | Note
-------+----------+-------------------------------------------
     0 | D:1      | Wiggles the Minotaur Berserker began the quest for the Orb.
     0 | D:1      | Reached XP level 1. HP: 19/19 MP: 0/0
   120 | D:1      | Reached skill level 4 in Axes
   120 | D:1      | Reached XP level 2. HP: 24/27 MP: 1/1
   449 | D:1      | Reached XP level 3. HP: 33/33 MP: 2/2
   655 | D:2      | Reached ** piety under Trog
   742 | D:2      | Noticed Jessica
   768 | D:2      | Killed Jessica
   769 | D:2      | Reached XP level 4. HP: 41/41 MP: 3/3
  1280 | D:3      | Reached skill level 5 in Fighting
  1280 | D:3      | Reached skill level 5 in Axes
  1287 | D:3      | Reached XP level 5. HP: 48/48 MP: 4/4
  1618 | D:3      | Found an ancient bone altar of Kikubaaqudgha.
  2021 | D:4      | Noticed Ijyb
  2031 | D:4      | Killed Ijyb
  2032 | D:4      | Reached XP level 6. HP: 55/56 MP: 5/5
  2104 | D:4      | Reached *** piety under Trog
  2196 | D:4      | Found the +7 Throatcutter {drain, coup de grace}
  2197 | D:4      | Noticed Robin
  2204 | D:4      | Reached skill level 6 in Axes
  2213 | D:4      | Killed Robin
  2395 | D:4      | Noticed Edmund
  2401 | D:4      | Killed Edmund
  2535 | D:4      | Found a sacrificial altar of Ru.
  2540 | D:4      | Reached XP level 7. HP: 62/62 MP: 6/6
  2578 | D:4      | Reached skill level 7 in Axes
  2605 | D:5      | Entered Level 5 of the Dungeon
  3043 | D:5      | Reached skill level 5 in Armour
  3136 | D:5      | Reached skill level 8 in Axes
  3319 | D:5      | Noticed Prince Ribbit
  3363 | D:5      | Killed Prince Ribbit
  3364 | D:5      | Reached XP level 8. HP: 29/70 MP: 7/7
  3552 | D:5      | Reached **** piety under Trog
  3826 | D:6      | Found a transporter.
  3845 | D:6      | Reached skill level 1 in Stealth
  3893 | D:6      | Found a transporter.
  3897 | D:6      | Noticed middlethird's ghost (weakling VSEE)
  3947 | D:6      | Killed middlethird's ghost
  3953 | D:6      | Reached skill level 9 in Axes
  4381 | D:6      | Reached skill level 10 in Axes
  4852 | D:7      | Found a staircase to the Ecumenical Temple.
  4962 | D:7      | Reached XP level 9. HP: 34/79 MP: 8/8
  5260 | D:7      | Noticed Pikel
  5268 | D:7      | Killed Pikel
  5269 | D:7      | Reached skill level 11 in Axes
  5612 | Temple   | Entered the Ecumenical Temple
  5850 | D:8      | Reached ***** piety under Trog
  6573 | D:8      | Noticed a centaur warrior
  6573 | D:8      | Noticed a death knight
  6603 | D:8      | Reached skill level 12 in Axes
  6605 | D:8      | Killed a death knight
  6606 | D:8      | Reached XP level 10. HP: 44/90 MP: 9/9
  6654 | D:8      | Noticed a two-headed ogre
  6658 | D:8      | Killed a two-headed ogre
  6677 | D:8      | Noticed a centaur warrior
  6679 | D:8      | Noticed a green ugly thing
  6684 | D:8      | Killed a centaur warrior
  6688 | D:8      | Killed a green ugly thing
  6689 | D:8      | Reached skill level 13 in Axes
  6690 | D:8      | Reached skill level 10 in Armour
  6691 | D:8      | Killed a centaur warrior
  7135 | D:9      | Reached skill level 10 in Fighting
  7417 | D:9      | Found a glowing golden altar of the Shining One.
  7418 | D:9      | Found an opulent altar of Gozag.
  7459 | D:9      | Reached skill level 14 in Axes
  7461 | D:9      | Reached XP level 11. HP: 42/100 MP: 10/10
  7969 | D:10     | Entered Level 10 of the Dungeon
  7973 | D:10     | Noticed a two-headed ogre
  7981 | D:10     | Killed a two-headed ogre
  8014 | D:10     | Noticed a death yak
  8033 | D:10     | Killed a death yak
  8309 | D:10     | Noticed a death yak
  8309 | D:10     | Noticed a death yak
  8309 | D:10     | Noticed a death yak
  8316 | D:10     | Noticed a death yak
  8326 | D:10     | Noticed a death yak
  8331 | D:10     | Noticed a death yak
  8340 | D:10     | HP: 5/101 [death yak (15)]
  8343 | D:10     | Slain by a death yak

Illustrated notes

Levels and vault maps discovered:
D:1:      dpeg_arrival_tiny_i, layout_rooms
D:2:      layout_basic, uniq_jessica
D:3:      layout_loops_ring, old_standard_altar
D:4:      layout_basic, nicolae_ru_great_annihilating_truth, glass_columns_a,
          uniq_edmund, uniq_robin, uniq_ijyb
D:5:      layout_loops_ring, uniq_prince_ribbit1
D:6:      layout_loops_ring, gammafunk_ghost_stat_death
D:7:      layout_loops_cross, minmay_temple_entry_stoned_glass,
          minmay_misc_feat_room, lightli_orcish_oven, uniq_pikel
D:8:      minmay_slanted_spiral_squares, layout_rooms, serial_curves,
          eino_curves_01, eino_curves_02, eino_curves_03, eino_curves_01
D:9:      layout_roguey, mainiacjoe_overflow_divided_tiny
D:10:     layout_stronghold, nicolae_hepliaklqana_hippocampus,
          lemuel_tele_altar, nicolae_qazlal_scattered_showers,
          dpeg_lair_monsters, nicolae_trove_entry_free_sample, enter_bailey_8,
          minivault_4, chequers_serial_rivers_small_b
Temple:   eino_wide_crystal_templ

Skill      XL: |  1  2  3  4  5  6  7  8  9 10 11 |
---------------+----------------------------------+-----
Axes           | 4 5 6 8 10 12 14 | 14.8
Fighting       | 4 5 6 7 8 10 | 10.5
Dodging        | 3 4 |  4.6
Armour         | 3 4 5 7 9 10 11 | 11.2
Stealth        | 1 |  1.4

Action                     |  1- 3 |  4- 6 |  7- 9 | 10-12 || total
---------------------------+-------+-------+-------+-------++-------
  Melee: Hand axe          |    52 |    51 |       |       ||   103
         Headbutt          |     7 |    22 |    36 |    23 ||    88
         War axe           |       |    85 |   197 |    96 ||   378
         Punch             |       |     1 |     1 |     2 ||     4
 Invoke: Berserk           |     2 |     3 |     1 |     2 ||     8
         Brothers in Arms  |       |       |       |     4 ||     4
    Use: Scroll            |       |       |    16 |     4 ||    20
 Armour: Animal skin       |     8 |     2 |       |       ||    10
         Chain mail        |       |    79 |    79 |       ||   158
         Plate armour      |       |       |    82 |    49 ||   131
  Dodge: Dodged            |    44 |    97 |   151 |    38 ||   330
